 Dungeon Crawl Stone Soup version 0.30-a0-989-g0d87f670db (webtiles) character file.

Game seed: 1436992385844584912

235 jasper the Sneak (level 6, -1/44 HPs)
             Began as a Human Wanderer on Apr 3, 2023.
             Splashed by a jelly's acid (2 damage)
             ... on level 5 of the Dungeon.
             The game lasted 00:07:12 (3479 turns).

jasper the Sneak (Human Wanderer)                   Turns: 3479, Time: 00:07:13

Health: -1/44      AC: 10    Str: 15    XL:     6   Next: 26%
Magic:  7/7        EV: 11    Int: 11    God:
Gold:   48         SH:  6    Dex: 18    Spells: 7/7 levels left

rFire   . . .      SeeInvis .    w - +0 quick blade
rCold   . . .      Faith    .    d - +1 buckler
rNeg    . . .      Spirit   .    n - +7 ring mail "Jiptaf" {Str+5}
rPois   .          Reflect  .    (no helmet)
rElec   .          Rampage  .    m - +0 cloak
rCorr   .                        (no gloves)
Will    .....                    j - +0 pair of boots
Stlth   +++                      (no amulet)
HPRegen 0.27/turn                (no ring)
MPRegen 0.10/turn                (no ring)

@: corroded
A: no striking features
a: no special abilities


You were on level 5 of the Dungeon.
You visited 1 branch of the dungeon, and saw 5 of its levels.

You collected 206 gold pieces.
You spent 158 gold pieces at shops.

Inventory:

Hand Weapons
 a - a +0 dagger
 t - a +0 short sword
 w - a +0 quick blade (weapon)
Missiles
 b - 7 stones (quivered)
Armour
 d - a +1 buckler (worn)
 f - a +0 robe
 g - a +0 ring mail
 h - a +0 scale mail
 j - a +0 pair of boots (worn)
 m - a +0 cloak (worn)
 n - the +7 ring mail "Jiptaf" (worn) {Str+5}
   (You found it on level 2 of the Dungeon)

   Str:       It affects your strength (+5).
Jewellery
 p - an amulet of magic regeneration
 q - a ring of wizardry
Scrolls
 i - a scroll of identify
Potions
 o - 2 potions of ambrosia
 u - a potion of flight


   Skills:
 + Level 1.8 Fighting
 * Level 3.0 Short Blades
 + Level 1.9 Armour
 + Level 2.1 Dodging
 + Level 5.5 Stealth
 + Level 2.1 Shields
 - Level 1.0 Spellcasting
 - Level 2.0 Ice Magic


You had 7 spell levels left.
You didn't know any spells.
Your spell library contained the following spells:

 Spells                   Type           Power      Damage    Failure   Level
 Freeze                   Ice            16%        1d4       36%         1
 Apportation              Tloc           0%         N/A       63%         1
 Necrotise                Necr           0%         1d4       63%         1
 Summon Small Mammal      Summ           0%         N/A       63%         1
 Lesser Beckoning         Tloc           0%         N/A       77%         2
 Hailstorm                Conj/Ice       2%         3d3       86%         3
 Call Canine Familiar     Summ           0%         N/A       94%         3
 Gell's Gravitas          Tloc           0%         N/A       94%         3
 Portal Projectile        Hex/Tloc       0%         N/A       94%         3
 Teleport Other           Tloc           0%         N/A       94%         3
 Vhi's Electric Charge    Tloc/Air       0%         N/A       94%         3
 Leda's Liquefaction      Hex/Erth       0%         N/A       100%        4
 Arcjolt                  Conj/Air       0%         1d10      100%        5
 Maxwell's Capacitive Co  Air            0%         ∞         100%        8


Dungeon Overview and Level Annotations

Branches:
Dungeon (5/15)
 Temple: D:4-7

Altars:
Dithmenos
Fedhas
Gozag
Makhleb

Shops:
D:1 =   D:4 [*

Annotations:
D:3 Ijyb
D:4 Blork the orc


Message History

You completely miss the hound.
The hound is heavily wounded.
The hound bites you but does no damage.
You hit the hound.
The hound is heavily wounded.
The hound closely misses you.
You hit the hound.
The hound is severely wounded.
The hound bites you but does no damage.
You hit the hound.
The hound is almost dead.
You block the hound's attack.
You completely miss the hound.
The hound is almost dead.
You closely miss the hound.
The hound is almost dead.
The hound barely misses you. The hound closely misses you.
You hit the hound.
You kill the hound!
Your Short Blades skill increases to level 3!
You hit the jelly. The acid corrodes you!
Your hands burn!
* * * LOW HITPOINT WARNING * * *
The jelly is heavily wounded.
You take 2 damage, and have 9/44 hp.
You hit the jelly but do no damage.
Your hands burn!
* * * LOW HITPOINT WARNING * * *
The jelly is heavily wounded.
You block the jelly's attack.
You take 2 damage, and have 7/44 hp.
You hit the jelly.
Your hands burn!
* * * LOW HITPOINT WARNING * * *
The jelly is severely wounded.
You take 1 damage, and have 6/44 hp.
You hit the jelly but do no damage.
Your hands burn!
* * * LOW HITPOINT WARNING * * *
The jelly is severely wounded.
The jelly hits you but does no damage.
You take 5 damage, and have 1/44 hp.
You hit the jelly.
Your hands burn!
You die...

#.#........'..#
#.##
#.##.......####
####
#.##.......# #
..##.......# #
#.##.......# #
#.##....†..# #
#.##.......# #
..##.....J.# #
#.....@.#
##########
#########
....).....
..........
.........
#...... #......
#..(... #######
#


You could see a jelly.

Vanquished Creatures
  A scorpion (D:5)
  A hound (D:5)
  An orc wizard (D:3)
  3 gnolls (D:4)
  3 adders
  2 dart slugs
  4 orcs (D:3)
  8 endoplasms
  3 giant cockroaches
  5 goblins
  9 hobgoblins
  7 kobolds
  2 quokkas
  5 ball pythons
  2 bats
  3 frilled lizards
  6 rats
65 creatures vanquished.

Vanquished Creatures (others)
  A gnoll (D:4)
  2 plants (D:3)
3 creatures vanquished.

Grand Total: 68 creatures vanquished

Notes
Turn   | Place    | Note
-------+----------+-------------------------------------------
     0 | D:1      | jasper the Human Wanderer began the quest for the Orb.
     0 | D:1      | jasper set off with the following items: a +0 dagger, 2
                  | atropa-tipped darts, a datura-tipped dart, a +0 buckler, a
                  | scroll of fear, a +0 robe; and the following spell
                  | memorised: Freeze; and the following spells available to
                  | memorise: Hailstorm.
     0 | D:1      | Reached XP level 1. HP: 13/13 MP: 2/2
    39 | D:1      | Reached XP level 2. HP: 16/20 MP: 3/3
   281 | D:1      | Reached skill level 1 in Short Blades
   326 | D:1      | Found Ewauh's Jewellery Shoppe.
   405 | D:1      | Reached XP level 3. HP: 25/25 MP: 4/4
   961 | D:2      | Identified the +7 ring mail "Jiptaf" {Str+5}
  1193 | D:2      | Reached skill level 1 in Armour
  1308 | D:2      | Reached XP level 4. HP: 31/31 MP: 5/5
  1394 | D:2      | Reached skill level 1 in Fighting
  1802 | D:3      | Found a burning altar of Makhleb.
  1869 | D:3      | Found an opulent altar of Gozag.
  2023 | D:3      | Found a shadowy altar of Dithmenos.
  2150 | D:3      | Reached XP level 5. HP: 22/37 MP: 6/6
  2548 | D:3      | Noticed Ijyb
  2672 | D:4      | Found a blossoming altar of Fedhas.
  3013 | D:4      | Found Wanoeph's Lightly-Used Armoury.
  3021 | D:4      | Bought a -1 quick blade for 100 gold pieces
  3060 | D:4      | Found Cyuluore's Armour Boutique.
  3068 | D:4      | Bought a +0 pair of boots for 58 gold pieces
  3222 | D:4      | Noticed Blork the orc
  3259 | D:5      | Entered Level 5 of the Dungeon
  3278 | D:5      | Reached XP level 6. HP: 44/44 MP: 7/7
  3478 | D:5      | HP: 1/44 [acid (5)]
  3479 | D:5      | Splashed by a jelly's acid

Illustrated notes

Levels and vault maps discovered:
D:1:      lordsloth_arrival_two_stooges, layout_loops_ring, serial_shops,
          shop_fountains, kennysheep_another_room
D:2:      layout_basic, minmay_splitting_lines
D:3:      layout_rooms, mainiacjoe_overflow_six_doors_small,
          mainiacjoe_overflow_alcove_1, mainiacjoe_overflow_boulevard,
          minivault_4, hangedman_glass_teeth, uniq_ijyb
D:4:      layout_basic, mainiacjoe_overflow_chevrons, serial_shops,
          nicolae_shop_advertising_works [nicolae_subvault_shop_adworks],
          chequers_serial_rivers_micro_d, minmay_shop_damaged,
          uniq_blork_the_orc
D:5:      layout_basic, yredelemnul_altar_generic, gup_sewer_entry_bowl,
          uniq_pikel

Skill      XL: |  1  2  3  4  5  6 |
---------------+-------------------+-----
Short Blades   | 1 2 3 |  3.0
Armour         | 1 |  1.9
Fighting       | 1 |  1.8
Dodging        | 2 |  2.1
Shields        | 2 |  2.1
Stealth        | |  5.5
Spellcasting   | |  1.0
Ice Magic      | |  2.0

Action                     |  1- 3 |  4- 6 || total
---------------------------+-------+-------++-------
  Melee: Dagger            |   141 |   219 ||   360
         Short sword       |       |    36 ||    36
         Quick blade       |       |    54 ||    54
  Throw: Dart              |       |    17 ||    17
    Use: Scroll            |       |    12 ||    12
         Potion            |       |     6 ||     6
   Stab: Sleeping          |    11 |     4 ||    15
 Armour: Robe              |     2 |       ||     2
         Ring mail         |    32 |   125 ||   157
  Dodge: Dodged            |    42 |   110 ||   152
  Block: Buckler           |    16 |    63 ||    79

Table legend: (Time is in decaauts)
 A = Elapsed time spent in this place.
 B = Non-inter-level travel time spent in this place.
 C = Inter-level travel time spent in this place.
 D = Time resting spent in this place.
 E = Time spent auto-exploring this place.
 F = Levels seen in this place.
 G = Mean time per level.
                   A        B        C        D        E       F      G
               +--------+--------+--------+--------+--------+-----+--------+
         Total |   3408 |   3228 |    180 |    137 |   2148 |   5 |  681.6 |
       Dungeon |   3408 |   3228 |    180 |    137 |   2148 |   5 |  681.6 |
               +--------+--------+--------+--------+--------+-----+--------+

Top non-repeatable levels by time:
     D:1: 931 daAuts
     D:2: 867 daAuts
     D:3: 790 daAuts
     D:4: 638 daAuts
     D:5: 181 daAuts
